 Dungeon Crawl Stone Soup version 0.25.0-9-g26727b657a (webtiles) character file.

Game seed: 13503642321744774429

144 Infinimo the Skirmisher (level 5, 0/57 HPs)
             Began as an Ogre Berserker on June 18, 2020.
             Was a Believer of Trog.
             Succumbed to Ijyb's poison
             ... on level 3 of the Dungeon.
             The game lasted 00:03:45 (2436 turns).

Infinimo the Skirmisher (Ogre Berserker)            Turns: 2436, Time: 00:03:45

Health: 0/57       AC: 12    Str: 22    XL:     5   Next: 26%
Magic:  5/5        EV: 19    Int:  8    God:    Trog [**....]
Gold:   105        SH:  0    Dex:  8    Spells: 4/4 levels left

rFire    + . .     SeeInvis .   (weapon currently unavailable)
rCold    + . .     Gourm    .   (shield currently unavailable)
rNeg     + + +     Faith    .   (armour currently unavailable)
rPois    +         Spirit   .   (helmet currently unavailable)
rElec    +         Reflect  .   (cloak currently unavailable)
rCorr    +         Harm     .   (gloves unavailable)
MR       .....                  (boots unavailable)
Stlth    +.........             (no amulet)
HPRegen  0.19/turn              (no ring)
MPRegen  0.09/turn              (no ring)

@: lethally poisoned (0 -> -8), fungus-form (expiring), resistant, berserk
cooldown, hasted and slowed
A: tiny, unfitting armour
a: Berserk, Trog's Hand, Renounce Religion


You were on level 3 of the Dungeon.
You worshipped Trog.
Trog was pleased with you.
You were very hungry.
You were a sentient fungus.
You visited 1 branch of the dungeon, and saw 3 of its levels.

You collected 105 gold pieces.

Inventory:

Hand Weapons
 a - a +0 mace (melded)
Armour
 b - a +0 animal skin (melded)
Jewellery
 i - an uncursed amulet of the acrobat {unknown}
 j - a cursed ring of teleportation {unknown}
 m - a +6 ring of dexterity {unknown}
Scrolls
 d - 3 scrolls of identify
Potions
 g - a potion of haste
Comestibles
 c - 2 rations
 l - a chunk of flesh


   Skills:
 + Level 5.1 Fighting
 * Level 4.2 Maces & Flails
 + Level 3.4 Dodging


You had 4 spell levels left.
You didn't know any spells.
Your spell library was empty.

Dungeon Overview and Level Annotations

Branches:
Dungeon (3/15)

Altars:
Nemelex Xobeh
Uskayaw
Wu Jian

Annotations:
D:3 Ijyb


Innate Abilities, Weirdness & Mutations

You are too large for most types of armour.
((You have tough skin. (AC +1)))


Message History

You feel sick.
A bat comes into view.
* * * LOW HITPOINT WARNING * * *
You feel sick.
Your surroundings suddenly seem different.
* * * LOW HITPOINT WARNING * * *
You feel sick.
* * * LOW HITPOINT WARNING * * *
You feel sick.
* * * LOW HITPOINT WARNING * * *
You feel sick.
Okay, then.
* * * LOW HITPOINT WARNING * * *
You feel sick.
* * * LOW HITPOINT WARNING * * *
You feel sick.
* * * LOW HITPOINT WARNING * * *
You feel sick.
Your transformation is almost over.
You die...

#.# # #.# # #.# # #.#
# #.######### #
#....<....####
###.#####.#...
##########.#####.#.##
#...f..........#.#.##
#.#####..#..#........
#.# ####..##.#.#.##
#.# #.......#.## #.#
#####.###... #.#
####.# ##.# #.#
#....## #.# ###
#.....# #.# #.....#
#.#


There were no monsters in sight!

Vanquished Creatures
  A howler monkey (D:3)
  Terence (D:3)
  3 adders
  A worm (D:2)
  3 dart slugs
  A leopard gecko (D:2)
  An orc (D:3)
  2 giant cockroaches
  6 hobgoblins
  A quokka (D:3)
  7 bats
  3 frilled lizards
  7 goblins
  6 kobolds
  A leopard gecko skeleton (D:3)
  6 rats
50 creatures vanquished.

Notes
Turn   | Place    | Note
-------+----------+-------------------------------------------
     0 | D:1      | Infinimo the Ogre Berserker began the quest for the Orb.
     0 | D:1      | Reached XP level 1. HP: 24/24 MP: 1/1
   160 | D:1      | Reached XP level 2. HP: 30/32 MP: 2/2
   605 | D:1      | Found a sparkling altar of Nemelex Xobeh.
   783 | D:2      | Reached XP level 3. HP: 38/40 MP: 3/3
  1155 | D:2      | Found a hide-covered altar of Uskayaw.
  1195 | D:2      | Reached ** piety under Trog
  1210 | D:2      | HP: 2/40 [poisoned by an adder]
  1668 | D:2      | Reached XP level 4. HP: 43/49 MP: 4/4
  1734 | D:2      | Found an ornate altar of the Wu Jian Council.
  2124 | D:3      | Noticed Terence
  2131 | D:3      | Killed Terence
  2131 | D:3      | Reached skill level 5 in Fighting
  2131 | D:3      | Reached XP level 5. HP: 57/57 MP: 5/5
  2399 | D:3      | Noticed Ijyb
  2434 | D:3      | HP: 1/57 [poisoned by Ijyb]
  2436 | D:3      | Succumbed to Ijyb's poison

Illustrated notes

Levels and vault maps discovered:
D:1:      dpeg_arrival_fog, layout_rooms, grunt_decor_fettered,
          corexii_corridor_pit, nemelex_xobeh_ov_fountains_minmay
D:2:      layout_rooms, lemuel_doored_altar, lemuel_crystal_altar, first_ration
D:3:      kennysheep_big_flooded_room, layout_loops_cross, lemuel_round_altar,
          minmay_misc_feat_iff, st_stairs_7, minmay_misc_feat_rugged,
          grunt_ministairs_2, uniq_ijyb, uniq_terence

Skill      XL: |  1  2  3  4 |
---------------+-------------+-----
Maces & Flails | 3 4 |  4.2
Dodging        | 3 |  3.4
Fighting       | 5 |  5.1

Action                   |  1- 3 |  4- 6 || total
-------------------------+-------+-------++-------
Melee: Mace              |   115 |    74 ||   189
Invok: Berserk           |     1 |     3 ||     4
  Use: Scroll            |       |     3 ||     3
       Potion            |       |     3 ||     3
 Stab: Sleeping          |     1 |       ||     1
  Eat: Chunk             |     1 |     3 ||     4
       Ration            |     1 |       ||     1
Armor: Animal skin       |    25 |    26 ||    51
       Skin              |       |     3 ||     3
Dodge: Dodged            |    60 |    53 ||   113
